[Event "*** Titled Tuesday Blitz"]
[Site "Chess.com"]
[Date "2021.04.06"]
[Round "4"]
[White "DrVelja"]
[Black "Mikhail_Golubev"]
[Result "1-0"]
[WhiteElo "2865"]
[BlackElo "2560"]
[TimeControl "180+1"]
[EndTime "10:40:11 PDT"]
[Termination "DrVelja won by resignation"]

1. e4 c5 2. Nc3 Nc6 3. Bb5 Nd4 4.
Nf3 a6 5. Bd3 Nc6 6. O-O g6 7.
a3 Bg7 8. Rb1 b5 9. Re1 Nh6 10.
b4 c4 11. Bf1 Ng4 12. h3 Nge5 13. Nxe5 Bxe5 14. Nd5 e6 15. d3 O-O 16. dxc4 bxc4 17. Ne3 c3 18. Nc4 Bc7 19. Bh6 Re8 20. Nd6 Bxd6 21. Qxd6 Qf6 22. Rbd1 g5 23. Bxg5 Qxg5 24. Re3 Qe5 25. Rg3+ Kh8 26. Qxe5+ Nxe5 27. Rxc3 Ra7 28. f4 Ng6 29. g3 Rg8 30. Kf2 Ne7 31. Rd6 f5 32. Bd3 fxe4 33. Bxe4 Nf5 34. Bxf5 exf5 35.
Rc5 Rf8 36. c4 Kg7 37. Ke3 Re8+ 38. Kd3 Bb7 39. Rxd7+ Kg8 40. Kd2 Raa8 41. Rxb7 Rad8+ 42. Rd5 Rc8 43. c5 1-0

[Event "*** Titled Tuesday Blitz"]
[Site "Chess.com"]
[Date "2021.04.06"]
[Round "4"]
[White "m_ezat"]
[Black "Arseniy_Nesterov"]
[Result "1-0"]
[WhiteElo "2560"]
[BlackElo "2758"]
[TimeControl "180+1"]
[EndTime "10:40:11 PDT"]
[Termination "m_ezat won by resignation"]

1. d4 d5 2. c4 e6 3. Nc3 c5 4. cxd5 exd5 5. Nf3 Nc6 6. Bf4 Nf6 7. e3 c4 8. Be2 Bd6 9. Ne5 O-O 10. O-O Qe7 11.
Bg5 Nxe5 12. Nxd5 Qe6 13. dxe5 Bxe5 14. Bxf6 Bxf6 15. Bxc4 Bxb2 16. Rb1 Be5 17. Qh5 g6 18. Qg5 Qe8 19. Bb5 Qe6 20. Bc4 Qe8 21. Ne7+ Kg7 22. Qxe5+ f6 23. Qd6 Bg4 24. Rxb7 Kh8 25. Qc7 Rd8 26. h3 Rd7 27. Qc6 Qxe7 28. Rfb1 Rxb7 29. Rxb7 Qe5 30. hxg4 Qa1+ 31. Kh2 Qe5+ 32. g3 Qg5 33. Qc7 Qh6+ 34. Kg2 f5 35. Qe7 fxg4 36. Qe5+ 1-0

[Event "*** Titled Tuesday Blitz"]
[Site "Chess.com"]
[Date "2021.04.06"]
[Round "4"]
[White "Stormeman100100"]
[Black "SergioGarciaFuentes"]
[Result "1-0"]
[WhiteElo "2513"]
[BlackElo "2317"]
[TimeControl "180+1"]
[EndTime "10:40:11 PDT"]
[Termination "Stormeman100100 won on time"]

1. e4 e5 2. Nf3 Nf6 3. Nc3 Nc6 4. d4 exd4 5. Nxd4 Bb4 6. Nxc6 bxc6 7. Bd3 d5 8. exd5 O-O 9. O-O Bg4 10. f3 Bh5 11. dxc6 Qd4+ 12. Kh1 Bxc3 13. bxc3 Qxc3 14. Rb1 Qxc6 15. Bb2 Rad8 16. Qe1 Bg6 17. Qg3 Bxd3 18. cxd3 Rxd3 19. Rbc1 Qd6 20. Rxc7 Qxg3 21. hxg3 Rb8 22.
Bxf6 gxf6 23. Re1 Rb2 24. Ree7 Rdd2 25. Rxf7 Rxg2 26. Rg7+ Kh8 27. Rxh7+ Kg8 28. Rcg7+ Kf8 29. Rxa7 Kg8 30. Rhc7 Rh2+ 31. Kg1 Rbg2+ 32. Kf1 Rf2+ 33. Ke1 Re2+ 34. Kd1 Rd2+ 35. Kc1 Rd8 36. Rc2 Rh3 37. Rg2 Rd3 38. f4 Rdxg3 39. Rd2 Rc3+ 40. Kb2 1-0

[Event "*** Titled Tuesday Blitz"]
[Site "Chess.com"]
[Date "2021.04.06"]
[Round "4"]
[White "bushrashuaibi"]
[Black "NaciSAN"]
[Result "0-1"]
[WhiteElo "1917"]
[BlackElo "2258"]
[TimeControl "180+1"]
[EndTime "10:40:12 PDT"]
[Termination "NaciSAN won on time"]

1. d4 d6 2. e4 Nf6 3. Nc3 e5 4. dxe5 dxe5 5. Qxd8+ Kxd8 6. h3 c6 7. Be3 Be6 8. O-O-O+ Ke8 9. g4 h5 10. g5 Nfd7 11. Nf3 g6 12. Be2 Be7 13. h4 b5 14.
Kb1 Na6 15. a4 b4 16. Bxa6 bxc3 17. bxc3 Bc5 18. Nxe5 Bxe3 19. Nxd7 Bxg5 20. Nc5 Be7 21. Nxe6 fxe6 22. Ka2 Rb8 23. Rb1 Kd7 24. Rhd1+ Kc7 25.
Rb3 Bxh4 26. f3 Bf2 27. Bc4 e5 28. Be6 Rhd8 29. Rdb1 Rb6 30. Bf7 h4 31. Bxg6 h3 32. a5 Rxb3 33. cxb3 h2 34. Rh1 Bg1 35. b4 Rd3 36.
Kb3 Rxf3 37. Kc4 Rf2 38. Bf5 Rb2 39. Be6 Rc2 40. Bf5 Rc1 0-1

[Event "*** Titled Tuesday Blitz"]
[Site "Chess.com"]
[Date "2021.04.06"]
[Round "4"]
[White "Skatchkov_V"]
[Black "Twitch_ElhamBlitz05"]
[Result "0-1"]
[WhiteElo "2610"]
[BlackElo "2847"]
[TimeControl "180+1"]
[EndTime "10:40:13 PDT"]
[Termination "Twitch_ElhamBlitz05 won by resignation"]

1. c4 e6 2. d4 d5 3. Nf3 Nf6 4.
Nc3 dxc4 5. e4 b5 6. e5 Nd5 7.
Nxb5 Nb6 8. Be2 Be7 9. Nc3 O-O 10. Qc2 Nc6 11. Be3 Nb4 12. Qe4 Rb8 13. a3 Bb7 14.
Qb1 N4d5 15. h4 Nxc3 16. bxc3 f5 17. exf6 Bxf6 18. Ng5 Bxg5 19. hxg5 g6 20. Kd2 Bxg2 21. Rh2 Qd5 22. Qd1 Be4 23. Ra2 Bd3 24. Bg4 Rf7 25.
a4 Nc8 26. Qh1 Be4 27. Qc1 Nd6 28. Rb2 Rbf8 29. Rb4 Bf3 30. Bh3 c5 31. Rb2 e5 32.
Ke1 exd4 33. cxd4 cxd4 34. Rd2 Qe5 35. Rxd4 Qxh2 36. Kd2 Ne4+ 37. Rxe4 Bxe4 38. Be6 Qd6+ 39. Ke1 Qxe6 0-1

[Event "*** Titled Tuesday Blitz"]
[Site "Chess.com"]
[Date "2021.04.06"]
[Round "4"]
[White "elextranjero00"]
[Black "sbouchet"]
[Result "1-0"]
[WhiteElo "2586"]
[BlackElo "2345"]
[TimeControl "180+1"]
[EndTime "10:40:14 PDT"]
[Termination "elextranjero00 won on time"]

1. Nf3 c5 2. c4 Nc6 3. d4 cxd4 4.
Nxd4 Nf6 5. Nc3 g6 6. e4 Bg7 7. Be3 Ng4 8. Qxg4 Nxd4 9. Qd1 Nc6 10. Rc1 O-O 11. Be2 d6 12. O-O f5 13. exf5 Bxf5 14.
Qd2 Kh8 15. Nd5 Qd7 16. b3 Rae8 17. Rfe1 Be4 18. f3 Bf5 19. b4 b6 20. a3 Rc8 21.
Bf1 Ne5 22. Bd4 Be6 23. f4 Ng4 24. Bxg7+ Kxg7 25. Qd4+ Kg8 26. h3 Nf6 27. Nxf6+ Rxf6 28. Rcd1 Rcf8 29. Re4 Bf5 30. Re3 Be6 31. Rf3 Bf5 32. c5 Qc6 33. cxd6 Rxd6 34. Qc4+ Qxc4 35. Bxc4+ Kg7 36.
Rxd6 exd6 37. Re3 Rc8 38. Bd5 Kf6 39. g4 1-0

[Event "*** Titled Tuesday Blitz"]
[Site "Chess.com"]
[Date "2021.04.06"]
[Round "4"]
[White "kuba2006"]
[Black "MPGM"]
[Result "0-1"]
[WhiteElo "2340"]
[BlackElo "2572"]
[TimeControl "180+1"]
[EndTime "10:40:14 PDT"]
[Termination "MPGM won on time"]

1. b3 d5 2. Bb2 Bg4 3. Nf3 Nd7 4. h3 Bxf3 5. exf3 e5 6. Be2 Bd6 7. O-O Ngf6 8. d4 O-O 9. dxe5 Bxe5 10. Bxe5 Nxe5 11. f4 Ng6 12. f5 Ne5 13. Nd2 Re8 14. Nf3 Qd7 15. g4 c6 16. Qd2 Ne4 17. Qf4 Qd6 18.
Nxe5 Rxe5 19. Bd3 Nc5 20. Kg2 Rae8 21. Be2 g6 22. fxg6 hxg6 23. Bd3 g5 24. Qg3 Ne6 25. Kg1 Nf4 26. h4 Qf6 27. hxg5 Qxg5 28. f3 Kg7 29. Rf2 Rh8 30. Rh2 Rxh2 31. Kxh2 Re3 32. Rf1 a5 33. Kg1 b5 34. Re1 Qe5 35. Rxe3 Qxe3+ 36. Qf2 Nh3+ 0-1

[Event "*** Titled Tuesday Blitz"]
[Site "Chess.com"]
[Date "2021.04.06"]
[Round "4"]
[White "AttackSparrow"]
[Black "CzechmVIII"]
[Result "1-0"]
[WhiteElo "2533"]
[BlackElo "2209"]
[TimeControl "180+1"]
[EndTime "10:40:15 PDT"]
[Termination "AttackSparrow won by resignation"]

1. e4 c5 2. c3 d5 3. exd5 Nf6 4. d4 Nxd5 5. Nf3 cxd4 6. Qxd4 e6 7. Bb5+ Bd7 8. Bxd7+ Nxd7 9. O-O Bc5 10. Qxg7 Qf6 11. Qxf6 N7xf6 12. Nbd2 O-O-O 13. Nb3 Be7 14. Bg5 h6 15.
Bh4 Rhg8 16. Bg3 Nh5 17. Ne5 f5 18. f4 Nxg3 19. hxg3 Rxg3 20. Rad1 Ne3 21. Rxd8+ Kxd8 22. Rf2 Ng4 23. Rd2+ Ke8 24. Nf3 a5 25. Re2 a4 26.
Nbd4 Bc5 27. Rxe6+ Kd7 28. Re2 Nf6 29. Kh2 Rg8 30.
Ne5+ Kc7 31. Nxf5 Nd5 32. g3 h5 33. c4 Nb4 34. a3 Nc6 35. Nd3 Bf8 36. Ne5 Nxe5 37. Rxe5 Bg7 38. Nxg7 Rxg7 39. Rxh5 Rd7 40. Rb5 Rd3 41. Kh3 Kc6 42. Kg4 Rd4 43. Kg5 Rxc4 44. Rb4 Rc2 45. f5 Rf2 46. f6 Kd6 47. Rxb7 Ke6 48.
Rb6+ Kf7 49. g4 Rxb2 50. Rxb2 1-0

[Event "*** Titled Tuesday Blitz"]
[Site "Chess.com"]
[Date "2021.04.06"]
[Round "4"]
[White "HouseOfDurin"]
[Black "KroshkaKami"]
[Result "1-0"]
[WhiteElo "2157"]
[BlackElo "2370"]
[TimeControl "180+1"]
[EndTime "10:40:15 PDT"]
[Termination "HouseOfDurin won by checkmate"]

1. d4 f5 2. Bg5 h6 3. Bh4 Nf6 4.
Bxf6 exf6 5. e4 d5 6. Qh5+ Ke7 7.
exf5 Nc6 8. c3 Qe8 9. Qf3 Qd7 10. Bd3 Kd8 11. Nd2 Bd6 12. O-O-O Re8 13. Qxd5 b6 14. g4 Bb7 15. f3 Na5 16. Qb5 Bc6 17. Qa6 Bf4 18.
b4 Bb7 19. Qb5 Nc6 20. Ne2 a6 21. Qa4 Be3 22. Qb3 a5 23. b5 Ne7 24. a4 Bxf3 25. Rhf1 Bxg4 26. Be4 Rb8 27. Bf3 Bxf5 28. Kb2 Be6 29.
d5 Bxd5 30. Bxd5 Nxd5 31. Nf3 Bc5 32. Rxd5 Rxe2+ 33. Kb1 Bd6 34. Qc4 Re7 35. Nd4 Kc8 36. Nc6 Rb7 37. Nxe7+ Qxe7 38. Rfd1 Qe3 39. Rxd6 Rb8 40.
Rd8+ Kb7 41. Qc6+ Ka7 42. Rxb8 Kxb8 43. Rd8+ Ka7 44. Ra8# 1-0

[Event "*** Titled Tuesday Blitz"]
[Site "Chess.com"]
[Date "2021.04.06"]
[Round "4"]
[White "ural58"]
[Black "nochewycandy"]
[Result "0-1"]
[WhiteElo "2478"]
[BlackElo "2614"]
[TimeControl "180+1"]
[EndTime "10:40:16 PDT"]
[Termination "nochewycandy won on time"]

1. e4 g6 2. d4 Bg7 3. Nc3 d6 4. h4 Nf6 5. h5 Nxh5 6. Rxh5 gxh5 7. Qxh5 Bxd4 8. Bc4 e6 9. Nge2 Bf6 10. Bf4 Nc6 11. O-O-O Qe7 12. g4 a6 13. g5 Be5 14. Be3 Bd7 15.
f4 Bg7 16. e5 dxe5 17. Ne4 O-O-O 18. Bc5 Qe8 19. f5 Nd4 20. Nxd4 exd4 21. f6 Bf8 22. Bxd4 Bc6 23. Nc3 Bb4 24. Ne2 Bb5 25. Bxb5 Qxb5 26. c3 Bd6 27. Rd2 Rd7 28. b3 Qf5 29. Kb2 Be5 30. Rc2 Rhd8 31. Bxe5 Qxe5 32. Qxh7 Rd2 33. Nd4 Rxc2+ 34. Nxc2 Qxg5 35. Qxf7 Qf5 36. Qe7 e5 37. f7 b6 38. Nb4 a5 39. Nc6 Qf2+ 40. Ka3 Rh8 41. Qe8+ Kb7 42. Qxh8 Qc5+ 0-1

[Event "*** Titled Tuesday Blitz"]
[Site "Chess.com"]
[Date "2021.04.06"]
[Round "4"]
[White "GadimbayliA"]
[Black "jefferyx"]
[Result "0-1"]
[WhiteElo "2789"]
[BlackElo "2975"]
[TimeControl "180+1"]
[EndTime "10:40:17 PDT"]
[Termination "jefferyx won by resignation"]

1. e4 e6 2. d4 d5 3. Nd2 c5 4. exd5 Qxd5 5. Ngf3 cxd4 6. Bc4 Qd7 7. O-O Nc6 8. Nb3 a6 9. Nbxd4 Nxd4 10. Nxd4 Qc7 11.
Bd3 Bd6 12. Re1 Bxh2+ 13. Kh1 Be5 14. Nxe6 Bxe6 15. Qh5 g5 16. f4 Nf6 17. Qxg5 Bd4 18. f5 O-O-O 19. fxe6 Rhg8 20. Qf4 Qa5 21. Bd2 Qd5 22.
Qf3 Rg4 23. Be3 Qxf3 24. gxf3 Rh4+ 25. Kg2 Rg8+ 26. Kf1 Rh1+ 27. Kf2 Rh2+ 28. Kf1 Bxe3 29. Rxe3 Rh1+ 30. Kf2 Rxa1 31. exf7 Rf8 32. Bc4 Rc1 33. Bb3 Rd1 34. Kg3 Kd7 35. Be6+ Kd8 36. Bb3 Rd7 37. Kh4 Nd5 38. Re5 Nf4 39. Kg5 Rdxf7 40. Bxf7 Rxf7 41. Kh6 Kd7 42. c4 Ne6 43. Re3 Ke7 44. b4 Kf6 45. c5 Rg7 46. Kh5 Nf4+ 47. Kh6 Rg2 48. Kxh7 Rh2+ 49. Kg8 Ng6 0-1

[Event "*** Titled Tuesday Blitz"]
[Site "Chess.com"]
[Date "2021.04.06"]
[Round "4"]
[White "dosto07"]
[Black "kikydu96"]
[Result "1-0"]
[WhiteElo "2257"]
[BlackElo "2428"]
[TimeControl "180+1"]
[EndTime "10:40:17 PDT"]
[Termination "dosto07 won on time"]

1. e4 c5 2. Nf3 d6 3. Bb5+ Bd7 4. Bxd7+ Qxd7 5. O-O Nc6 6. Re1 g6 7. c3 Bg7 8. d4 cxd4 9. cxd4 Nf6 10. Nc3 O-O 11.
Bg5 a6 12. Bxf6 Bxf6 13. Nd5 Qd8 14. Nxf6+ exf6 15. Rc1 d5 16. e5 fxe5 17. Nxe5 Nxe5 18. Rxe5 Re8 19. Qe2 Rxe5 20. Qxe5 Rc8 21. Qe3 Rxc1+ 22. Qxc1 Qb6 23. Qc3 Kg7 24. g3 h5 25. h4 Qb5 26. b3 Qe2 27. a4 Qe4 28. Qb4 Qb1+ 29. Kg2 Qe4+ 30. Kg1 b5 31. a5 Kf6 32. Qd6+ Kf5 33.
Qxa6 Qe1+ 34. Kg2 Qe4+ 35. Kg1 Qb1+ 36. Kg2 Qxb3 37. Qc8+ Ke4 38. a6 Qf3+ 39. Kg1 Qd1+ 40. Kg2 Qf3+ 41. Kg1 Qd1+ 42. Kh2 Kf3 43. Qc3+ Kxf2 44.
Qb2+ Kf3 45. a7 1-0

[Event "*** Titled Tuesday Blitz"]
[Site "Chess.com"]
[Date "2021.04.06"]
[Round "4"]
[White "elvidirris"]
[Black "SargissyanSargis"]
[Result "0-1"]
[WhiteElo "2053"]
[BlackElo "2374"]
[TimeControl "180+1"]
[EndTime "10:40:17 PDT"]
[Termination "SargissyanSargis won by resignation"]

1. e4 c5 2. c3 d5 3. exd5 Qxd5 4. d4 Nf6 5. Nf3 g6 6. Be2 Bg7 7. c4 Qd8 8. dxc5 Qxd1+ 9. Bxd1 Ne4 10. O-O Nxc5 11.
Nc3 O-O 12. Nd5 Nc6 13. Be3 Nd3 14. Ba4 Nxb2 15. Bxc6 bxc6 16. Nxe7+ Kh8 17. Nxc6 Nxc4 18. Rac1 Nxe3 19. fxe3 Be6 20. a4 Bh6 21. Rc3 Rac8 22. Kf2 Bd7 23. Rfc1 Rfe8 24. Nce5 Rxc3 25. Rxc3 Be6 26.
g4 f6 27. Nc6 Rc8 28. h3 Bd7 29. Nfd4 Bf8 30. Rc2 a6 31. e4 Bd6 32. Ke3 Be5 33.
a5 Bd6 34. Rd2 Bxc6 35. Nxc6 Rxc6 36. Rd5 Kg7 37. Kd4 Be5+ 38. Kd3 Rd6 39. Kc4 Rc6+ 40.
Kb4 h5 41. Rd7+ Kh6 42. gxh5 gxh5 43. Rf7 Kg5 44. Rg7+ Kh4 0-1

[Event "*** Titled Tuesday Blitz"]
[Site "Chess.com"]
[Date "2021.04.06"]
[Round "4"]
[White "Kobalia"]
[Black "mishanick"]
[Result "1-0"]
[WhiteElo "2776"]
[BlackElo "2935"]
[TimeControl "180+1"]
[EndTime "10:40:18 PDT"]
[Termination "Kobalia won on time"]

1. e4 c5 2. Nf3 d6 3. Bb5+ Nd7 4. c3 Nf6 5. Qe2 e6 6. O-O Be7 7. d4 O-O 8. Re1 a6 9. Ba4 b5 10. Bc2 Bb7 11. Nbd2 Re8 12. Nf1 Nf8 13. Ng3 Rc8 14. Bg5 Qa5 15. e5 dxe5 16. dxe5 Nd5 17. Ne4 Rc7 18. Bxe7 Nxe7 19. Nxc5 b4 20. cxb4 Qxb4 21.
Nxb7 Qxb7 22. Be4 Qb6 23. Rac1 Rec8 24. Rxc7 Rxc7 25. g3 h6 26. Rd1 a5 27. Kg2 Rd7 28. b3 Ra7 29. Rd6 Qc7 30. Qd3 g6 31. Nd4 Qc5 32. Nb5 h5 33. Nxa7 Qxa7 34. Rd8 Kg7 35. h4 Nf5 36. Qb5 Qc7 37. Qe8 Qc5 38. Rc8 Qb4 39. Bf3 Nd4 40. Rc7 1-0

[Event "*** Titled Tuesday Blitz"]
[Site "Chess.com"]
[Date "2021.04.06"]
[Round "4"]
[White "serhanberat_ozdemir"]
[Black "Fandorine"]
[Result "1/2-1/2"]
[WhiteElo "2635"]
[BlackElo "2893"]
[TimeControl "180+1"]
[EndTime "10:40:18 PDT"]
[Termination "Game drawn by repetition"]

1. e4 c5 2. Nf3 e6 3. c3 d5 4. exd5 Qxd5 5. d4 Nf6 6. Bd3 Be7 7. O-O O-O 8. Be3 cxd4 9. cxd4 Nc6 10. Nc3 Qd8 11. Rc1 Nb4 12. Bb1 b6 13. Ne5 Bb7 14. Qe2 Nbd5 15. Rfd1 Rc8 16. Nxd5 Qxd5 17. f3 Rxc1 18.
Rxc1 Rc8 19. Rxc8+ Bxc8 20. a3 Bb7 21. b4 Qb3 22.
Qd3 Qxd3 23. Bxd3 Nd5 24. Bd2 a6 25. Be4 f6 26. Nc4 b5 27. Ne3 Bd6 28. Nxd5 Bxd5 29. Bxd5 exd5 30. Kf2 h5 31. g3 Kf7 32. h3 g5 33. g4 Kg6 34. Ke2 f5 35. Kf2 Be7 36.
Ke2 Bd8 37. Kd3 Bc7 38. Be3 Bd6 39. Bd2 Be7 40. Be3 hxg4 41. hxg4 f4 42. Bd2 Kf7 43.
Bc3 Ke6 44. Bd2 Kd7 45. Kc3 Bd6 46. Kb3 Kc6 47. Bc3 Bc7 48. Bd2 Bb6 49. Bc3 Ba7 50. Bb2 Kd7 51. Bc3 Bb6 52. Kc2 Kc7 53. Kd3 Kc6 54. Kc2 Bc7 55. Kd3 Kb7 56. Kc2 Bd6 57. Kb3 Bf8 58. Kc2 Bd6 59. Kb3 Bf8 60. Kc2 Bd6 1/2-1/2

[Event "*** Titled Tuesday Blitz"]
[Site "Chess.com"]
[Date "2021.04.06"]
[Round "4"]
[White "ViktoriyaTarasova"]
[Black "scarabee43"]
[Result "0-1"]
[WhiteElo "2447"]
[BlackElo "2605"]
[TimeControl "180+1"]
[EndTime "10:40:18 PDT"]
[Termination "scarabee43 won by resignation"]

1. d4 Nf6 2. c4 e6 3. Nc3 Bb4 4. Nf3 O-O 5. e3 d5 6. cxd5 Nxd5 7. Bd2 b6 8. Bd3 Ba6 9. Bxa6 Nxa6 10. Qa4 Nb8 11.
O-O Bxc3 12. bxc3 Nd7 13. e4 N5f6 14. e5 Ne4 15. Be1 Qe7 16. Qc6 f5 17. Nd2 Nxd2 18.
Bxd2 Rac8 19. c4 Rfd8 20. Bc3 Nb8 21. Qa4 c5 22. Rfd1 cxd4 23. Bxd4 Qc7 24. Bb2 Nd7 25.
Rd6 Nxe5 26. Rxe6 Nxc4 27. Bc3 Qf7 28. Rae1 Nd6 29. Re7 Qxe7 30. Rxe7 Rxc3 31. h3 a5 32. Qd4 Rc1+ 33. Kh2 Nf7 34. Qe5 Nxe5 35. Rxe5 Ra1 36. Rxf5 Rxa2 37. Rf3 a4 38. Kg3 a3 39. h4 Ra8 40. h5 Rb2 41. h6 gxh6 42. Rf4 a2 43.
Rg4+ Kh8 44. Rf4 a1=Q 45. Rf3 Ra3 46. Rxa3 Qxa3+ 47. f3 b5 0-1

[Event "*** Titled Tuesday Blitz"]
[Site "Chess.com"]
[Date "2021.04.06"]
[Round "4"]
[White "eldur16"]
[Black "KuzubovYuriy"]
[Result "1-0"]
[WhiteElo "2572"]
[BlackElo "2835"]
[TimeControl "180+1"]
[EndTime "10:40:19 PDT"]
[Termination "eldur16 won on time"]

1. Nf3 d5 2. g3 Bg4 3. Bg2 Nd7 4.
O-O c6 5. d3 e5 6. c4 dxc4 7.
dxc4 Bb4 8. a3 Ba5 9. b4 Bc7 10. Bb2 Ngf6 11. Nc3 O-O 12. Qc2 Qe7 13. Nh4 g6 14. e4 Nh5 15. Nf3 Ng7 16. h3 Bxf3 17. Bxf3 Ne6 18. Ne2 a5 19. c5 h5 20. Bg2 h4 21. Bc3 axb4 22. axb4 b6 23. cxb6 Bxb6 24. Kh2 Rxa1 25. Bxa1 Rc8 26. Bc3 c5 27. bxc5 Bxc5 28. Qb2 Nef8 29. Ng1 Rb8 30. Qa2 Bd4 31. Bxd4 exd4 32.
Nf3 hxg3+ 33. fxg3 d3 34. Qd5 Nc5 35. Ng5 Nfe6 36.
Nxf7 Rf8 37. Nh6+ Kh7 38. Rxf8 Qxf8 39. Ng4 Qd8 40. Bf3 Qa5 41. Qe5 Qd2+ 42. Bg2 Qg5 43. Qd6 d2 44. e5 Nb3 45. Nf6+ Kh6 46. Qe7 1-0

[Event "*** Titled Tuesday Blitz"]
[Site "Chess.com"]
[Date "2021.04.06"]
[Round "4"]
[White "grunbergmihai"]
[Black "CSB7"]
[Result "1/2-1/2"]
[WhiteElo "2472"]
[BlackElo "2675"]
[TimeControl "180+1"]
[EndTime "10:40:19 PDT"]
[Termination "Game drawn by agreement"]

1. Nf3 d5 2. c4 c6 3. g3 Nf6 4. Bg2 dxc4 5. O-O Nbd7 6. a4 a5 7. Na3 Nb6 8. Qc2 Be6 9. Ng5 Bg4 10. Re1 h6 11. Nf3 Be6 12. Ne5 h5 13. Naxc4 Nxc4 14. Nxc4 h4 15. d3 hxg3 16. hxg3 g6 17. Be3 Bd5 18.
Bb6 Qd7 19. e4 Bxc4 20. dxc4 Qe6 21. Rad1 Bg7 22. e5 Nd7 23. Bd4 Rd8 24. Bc3 b6 25. f4 Qxc4 26. e6 Qc5+ 27. Kf1 Qc4+ 28. Kg1 Qc5+ 29.
Kf1 Qc4+ 30. Re2 Nf6 31. Rxd8+ Kxd8 32. exf7 Kc8 33. Bxf6 Qxc2 34. Rxc2 Bxf6 35. Rxc6+ Kd7 36. Rxb6 Rf8 37. Bd5 Kc7 38. Rc6+ Kd7 39. g4 Rxf7 40. Ra6 Rf8 41. Rxa5 Bxb2 42. Ke2 Rxf4 1/2-1/2

[Event "*** Titled Tuesday Blitz"]
[Site "Chess.com"]
[Date "2021.04.06"]
[Round "4"]
[White "DeTimmerman"]
[Black "PolandHussars"]
[Result "1-0"]
[WhiteElo "2842"]
[BlackElo "2608"]
[TimeControl "180+1"]
[EndTime "10:40:20 PDT"]
[Termination "DeTimmerman won by resignation"]

1. b4 d5 2. Bb2 Bg4 3. Nf3 e6 4. b5 Nf6 5. e3 Nbd7 6. a4 Bd6 7. Be2 O-O 8. O-O Re8 9. d4 e5 10. Nxe5 Nxe5 11. dxe5 Bxe2 12. Qxe2 Bxe5 13. Bxe5 Rxe5 14.
Nd2 Qe7 15. Nf3 Re4 16. Rfd1 h6 17. Rd4 Rxd4 18. Nxd4 Qc5 19. Qd3 a6 20. Nb3 Qe7 21.
h3 axb5 22. Qxb5 c6 23. Qb6 Ne4 24. a5 Re8 25. Qd4 Qh4 26. Rf1 Qg5 27. c4 dxc4 28.
Qxc4 Re6 29. f4 Qg3 30. Rf3 Qe1+ 31. Kh2 Nf2 32. Qc1 Qxc1 33. Nxc1 Nd1 34. Nb3 Nxe3 35. Nc5 Re7 36. Nxb7 Rxb7 37. Rxe3 Ra7 38. Re8+ Kh7 39. Re5 Kg6 40. Rc5 Ra6 41. Kg3 Kf6 42. Re5 g5 43.
Kf3 Ra8 44. Rc5 Ra6 45. fxg5+ hxg5 46. Kg4 Ke6 47. Kxg5 Kd6 48. Rf5 Ra7 49. h4 c5 50.
h5 c4 51. h6 c3 52. h7 c2 53. Rf1 Rxa5+ 54. Kh6 Ra8 55. Kg7 f5 56. Rc1 Ra7+ 57.
Kg6 Ra8 58. Rxc2 Ke5 59. Rc3 Ra6+ 60. Kg5 Ra8 61. Rh3 Rh8 62. Kg6 Rxh7 63. Kxh7 1-0

[Event "*** Titled Tuesday Blitz"]
[Site "Chess.com"]
[Date "2021.04.06"]
[Round "4"]
[White "Trickster_Pony"]
[Black "xozr"]
[Result "1/2-1/2"]
[WhiteElo "1551"]
[BlackElo "2344"]
[TimeControl "180+1"]
[EndTime "10:40:20 PDT"]
[Termination "Game drawn by stalemate"]

1. c4 Nf6 2. g3 d5 3. cxd5 Qxd5 4.
Nf3 g6 5. Nc3 Qd8 6. Bg2 Bg7 7.
O-O O-O 8. d3 c5 9. Be3 Nfd7 10.
d4 cxd4 11. Nxd4 Nb6 12. Nb3 Nc4 13. Bc1 Nc6 14. Bd5 Nb6 15. Bg2 Be6 16. Bf4 Nc4 17. Qc2 Nb4 18. Qc1 Qb6 19. Bd5 Bxc3 20. Bxe6 Bxb2 21.
Qxc4 Bxa1 22. Rxa1 fxe6 23. Nc5 Nd5 24. Nd7 Qb2 25. Rd1 Rf7 26. Ne5 Rf5 27. e4 Nxf4 28. exf5 Nh3+ 29. Kg2 Qxf2+ 30. Kxh3 Qxf5+ 31. Ng4 h5 32. Re1 Qxg4+ 33. Qxg4 hxg4+ 34. Kxg4 Rd8 35. Rxe6 Kf7 36.
Re4 Rd2 37. Rf4+ Ke6 38. Re4+ Kf6 39. Rf4+ Ke5 40. Rf7 Ke6 41. Rf4 Rxa2 42. Re4+ Kf6 43. Rf4+ Ke5 44. Kg5 Rxh2 45. Kxg6 Rg2 46. Rf5+ Ke6 47.
Rg5 b6 48. g4 a5 49. Kh7 a4 50. Rg6+ Kf7 51. g5 Rh2+ 52. Rh6 Rxh6+ 53. gxh6 a3 54. Kh8 a2 55. Kh7 a1=Q 1/2-1/2

[Event "*** Titled Tuesday Blitz"]
[Site "Chess.com"]
[Date "2021.04.06"]
[Round "4"]
[White "Chopper1905"]
[Black "Hasangatin_Ramil"]
[Result "1-0"]
[WhiteElo "2944"]
[BlackElo "2568"]
[TimeControl "180+1"]
[EndTime "10:40:21 PDT"]
[Termination "Chopper1905 won on time"]

1. d4 Nf6 2. c4 c5 3. d5 e6 4. Nc3 exd5 5. cxd5 Bd6 6. Bg5 Bc7 7. Nf3 d6 8. Nd2 a6 9. a4 h6 10. Bh4 Nbd7 11.
Nc4 O-O 12. e3 Re8 13. Be2 Ne5 14. Na3 Rb8 15. O-O Bf5 16. e4 Bd7 17. f4 Ng6 18. Bxf6 Qxf6 19. e5 dxe5 20. Ne4 Qd8 21. d6 Bb6 22.
fxe5 Rxe5 23. Bc4 Be6 24. Qf3 Qd7 25. Rad1 Re8 26. Ng3 Bd8 27. Bxe6 R5xe6 28. Nf5 Bf6 29. Nc4 Ne5 30. Nxe5 Rxe5 31. a5 R5e6 32. Rd5 Bd4+ 33.
Kh1 Rf6 34. Qg4 Rxf5 35. Rdxf5 f6 36. b4 Qxd6 37. bxc5 Qe6 38. Qxd4 Qxf5 39. Rxf5 Re1+ 40. Qg1 1-0

[Event "*** Titled Tuesday Blitz"]
[Site "Chess.com"]
[Date "2021.04.06"]
[Round "4"]
[White "ellennilssen"]
[Black "nss13"]
[Result "0-1"]
[WhiteElo "2239"]
[BlackElo "2518"]
[TimeControl "180+1"]
[EndTime "10:40:21 PDT"]
[Termination "nss13 won by checkmate"]

1. c4 c6 2. g3 d5 3. Bg2 Nf6 4. Nf3 Bg4 5. d4 e6 6. cxd5 exd5 7. O-O Nbd7 8. Nc3 Be7 9. Bf4 O-O 10. Ne5 Nxe5 11.
dxe5 Nd7 12. Qd2 Nc5 13. Rad1 Qb6 14. Be3 Qa6 15. f4 Rad8 16. h3 Bc8 17. Bd4 Ne6 18. f5 Nxd4 19. Qxd4 f6 20. Kh2 fxe5 21. Qxe5 Bf6 22. Qc7 Qb6 23. Qxb6 axb6 24. e4 d4 25. Na4 b5 26. Nc5 b6 27. Nd3 c5 28. e5 Be7 29.
Be4 c4 30. Ne1 d3 31. g4 Bc5 32. Nf3 b4 33. e6 Rfe8 34. Ne5 Bd6 35. Kg2 Bxe5 36.
Bc6 Re7 37. Bb5 Bb7+ 38. Kg1 Bd4+ 39. Kh2 Be5+ 40. Kg1 Rd4 41. g5 Bd5 42. f6 gxf6 43. gxf6 Rxe6 44. f7+ Kf8 45. Be8 Rg6+ 46. Kf2 Rg2+ 47.
Ke3 Re2# 0-1

[Event "*** Titled Tuesday Blitz"]
[Site "Chess.com"]
[Date "2021.04.06"]
[Round "4"]
[White "AlexSuv"]
[Black "NFork"]
[Result "1/2-1/2"]
[WhiteElo "2567"]
[BlackElo "2103"]
[TimeControl "180+1"]
[EndTime "10:40:22 PDT"]
[Termination "Game drawn by repetition"]

1. d4 d5 2. c4 dxc4 3. Nf3 Nf6 4. e3 Bg4 5. Bxc4 e6 6. h3 Bh5 7. Nc3 Nc6 8. O-O a6 9. Be2 Bd6 10. e4 Bxf3 11. Bxf3 Nxd4 12. Qa4+ Qd7 13. Qd1 O-O 14. Bg5 Be5 15. Re1 Nxf3+ 16. Qxf3 Qe7 17. Qe2 Bxc3 18. bxc3 e5 19. Qc4 b5 20. Qb3 Qc5 21. Re3 Nh5 22. Rd1 Nf4 23. Rd7 Ne6 24. Be7 Qc6 25. Red3 Rfe8 26. Qd5 Qxd5 27. R3xd5 f6 28. Ba3 Rad8 29. g3 Rxd7 30. Rxd7 h6 31. Kg2 Kh7 32. h4 h5 33.
Kf3 Kg6 34. Ke3 f5 35. exf5+ Kxf5 36. f3 c5 37. Rd6 c4 38. Rxa6 Rd8 39. Rd6 Rxd6 40.
Bxd6 Nd8 41. Bc7 Ne6 42. Bd6 Nd8 43. Bf8 Ne6 44. Bd6 1/2-1/2

[Event "*** Titled Tuesday Blitz"]
[Site "Chess.com"]
[Date "2021.04.06"]
[Round "4"]
[White "Spencenzug"]
[Black "BvsN"]
[Result "0-1"]
[WhiteElo "2257"]
[BlackElo "2454"]
[TimeControl "180+1"]
[EndTime "10:40:22 PDT"]
[Termination "BvsN won by resignation"]

1. e4 c5 2. Nf3 e6 3. b3 Nc6 4. Bb2 a6 5. g3 Nf6 6. e5 Nd5 7.
c4 Nde7 8. Bg2 Nf5 9. O-O Be7 10. Nc3 O-O 11. Ne4 d5 12. exd6 Nxd6 13. d3 Nf5 14. Ne5 Ncd4 15. Re1 Qc7 16. Nf3 Bd7 17. Bxd4 Nxd4 18.
Nxd4 cxd4 19. c5 Bc6 20. b4 Rfe8 21. f4 Rad8 22. Qb3 Bd5 23. Qb2 Qc6 24. a4 f5 25.
Ng5 Bxg5 26. fxg5 e5 27. Bxd5+ Qxd5 28. Rac1 e4 29. b5 axb5 30. axb5 e3 31. c6 bxc6 32. bxc6 f4 33. gxf4 Qf3 34. Qg2 Qxf4 35. c7 Rc8 36. Qg3 Qxg3+ 37. hxg3 Re7 38. Rc4 Rexc7 39. Rxd4 Rc1 40.
Kf1 e2+ 41. Kxe2 Re8+ 42. Kd2 Rexe1 43. Rd8+ Kf7 44. g6+ hxg6 45. Rd7+ Kf6 46. Rd6+ Kg5 47. Rd5+ Kg4 48. Rd6 g5 49. Rg6 Rcd1+ 50. Kc2 Ra1 51. Rxg7 Rg1 0-1